 Dungeon Crawl Stone Soup version 0.30.0-3-ga4e48a9924 (webtiles) character file.

Game seed: 1394898018386073107

68 Sabo the Shield-Bearer (level 4, 0/44 HPs)
             Began as a Troll Fighter on May 7, 2023.
             Slain by an orc
             ... wielding a +0 hand axe
              (1 damage)
             ... on level 3 of the Dungeon.
             The game lasted 00:09:41 (2118 turns).

Sabo the Shield-Bearer (Troll Fighter)              Turns: 2118, Time: 00:09:41

Health: 0/44       AC:  4    Str: 30    XL:     4   Next: 1%
Magic:  3/3        EV:  9    Int:  4    God:
Gold:   116        SH:  8    Dex: 11    Spells: 3/3 levels left

rFire   . . .        a - +0 flail
rCold   . . .        c - +0 kite shield
rNeg    . . .        b - +0 robe
rPois   .            (helmet restricted)
rElec   .            (no cloak)
rCorr   .            (gloves unavailable)
SInv    .            (boots unavailable)
Will    .....        (no amulet)
Stlth   +            k - ring of wizardry
HPRegen 1.07/turn    s - +6 ring of strength
MPRegen 0.08/turn

%: wizardry (x1)
@: no status effects
A: large, unfitting armour, claws 3, regeneration 1, shaggy fur 1, tough skin 1
a: no special abilities


You were on level 3 of the Dungeon.
You visited 1 branch of the dungeon, and saw 3 of its levels.

You collected 116 gold pieces.

Inventory:

Hand Weapons
 a - a +0 flail (weapon)
 l - a +0 sling
Missiles
 h - 24 poisoned darts (quivered)
 r - 6 silver boomerangs
Armour
 b - a +0 robe (worn)
 c - a +0 kite shield (worn)
Jewellery
 k - a ring of wizardry (left claw)
 s - a +6 ring of strength (right claw)
Wands
 u - a wand of flame (20)
Scrolls
 f - a scroll of fear {unknown}
 j - a scroll of magic mapping {unknown}
 m - a scroll of identify {unknown}
 n - a scroll of summoning {unknown}
 o - a scroll of enchant weapon {unknown}
 q - a scroll of brand weapon {unknown}
Potions
 d - 2 potions of might
 e - a potion of flight {unknown}
 g - 2 potions of curing
 i - a potion of degeneration {unknown}
 p - a potion of cancellation {unknown}
 t - a potion of lignification {unknown}


   Skills:
 + Level 2.8 Fighting
 + Level 2.5 Maces & Flails
 + Level 3.0 Dodging
 + Level 0.1 Stealth
 + Level 3.1 Shields


You had 3 spell levels left.
You didn't know any spells.
Your spell library was empty.

Dungeon Overview and Level Annotations

Branches:
Dungeon (3/15)

Altars:


Innate Abilities, Weirdness & Mutations

You are too large for most types of armour.
You have claws for hands.
Your natural rate of healing is unusually fast.
You are covered in fur. (AC +1)
You have tough skin. (AC +1)


Message History

An orc comes into view. It is wielding a +0 hand axe.
You sock the orc!
You kill the orc!
The orc closely misses you. Something hits you but does no damage.
Your Dodging skill increases to level 3!
You have reached level 4!
You're too confused to move!
The orc hits you but does no damage. Something hits you but does no damage.
The orc hits you with a +0 hand axe!
You bump into the rock wall.
The orc closely misses you. The orc hits you with a +0 hand axe!
The orc closely misses you. Something hits you but does no damage.
You completely miss something. The orc barely misses you.
You hear some strange, mumbled words.
A puff of flame appears from out of thin air!
The puff of flame hits you! The orc hits you but does no damage.
The orc hits you with a +0 hand axe.
You barely miss the orc.
You feel less confused.
You block the orc's attack. x2; The orc hits you with a +0 hand axe.
Something hits you but does no damage.
You miss something. The orc closely misses you.
The orc hits you but does no damage. Something hits you.
The orc hits you with a +0 hand axe. You block the orc's attack. x2
Something hits you but does no damage. The orc hits you with a +0 hand axe.
You barely miss something. The orc hits you with a +0 hand axe.
* * * LOW HITPOINT WARNING * * *
The orc hits you with a +0 hand axe.
* * * LOW HITPOINT WARNING * * *
The orc barely misses you. You block something's attack.
You closely miss something. You block the orc's attack.
The orc hits you but does no damage. Something hits you.
* * * LOW HITPOINT WARNING * * *
You block the orc's attack. The orc hits you with a +0 hand axe.
* * * LOW HITPOINT WARNING * * *
You hear some strange, mumbled words.
A magic dart appears from out of thin air!
The magic dart hits you.
* * * LOW HITPOINT WARNING * * *
The orc barely misses you. The orc hits you with a +0 hand axe.
You die...

#.#
###.####################
..........).............
##........######.#......
#........# #.#......
#........# #.#......
#........## #[.......
##............##o.......
.'........[....o@.......
.#............##{o......
.#........#.# .........
.##.#+##### .#........
.##.# ##......... .##..
.......## .##.#.
.......# .##.#.
#.......# .#


You could see 3 orcs.

Vanquished Creatures
  3 adders (D:3)
  2 worms
  3 dart slugs
  An orc (D:3)
  2 ball pythons (D:2)
  5 hobgoblins
  3 bats
  4 frilled lizards
  3 goblins
  4 kobolds (D:2)
  2 rats
32 creatures vanquished.

Notes
Turn   | Place    | Note
-------+----------+-------------------------------------------
     0 | D:1      | Sabo the Troll Fighter began the quest for the Orb.
     0 | D:1      | Reached XP level 1. HP: 22/22 MP: 0/0
   399 | D:1      | Reached XP level 2. HP: 27/29 MP: 1/1
  1373 | D:2      | Reached XP level 3. HP: 36/36 MP: 2/2
  2112 | D:3      | Reached XP level 4. HP: 43/44 MP: 3/3
  2118 | D:3      | HP: 1/44 [something/magic dart (6)]
  2118 | D:3      | Slain by an orc

Illustrated notes

Levels and vault maps discovered:
D:1:      dpeg_arrival_houses_and_road, layout_basic
D:2:      layout_loops_ring, ebering_dispersal_statue_hall
D:3:      kennysheep_slugbush, layout_basic

Skill      XL: |  1  2  3 |
---------------+----------+-----
Shields        | 3 |  3.1
Maces & Flails | 2 |  2.5
Dodging        | 3 |  3.0
Fighting       | |  2.8
Stealth        | |  0.1

Action                     |  1- 3 |  4- 6 || total
---------------------------+-------+-------++-------
  Melee: Flail             |   128 |     5 ||   133
    Use: Potion            |     1 |       ||     1
         Scroll            |     1 |       ||     1
 Armour: Robe              |    60 |     8 ||    68
  Dodge: Dodged            |    62 |     6 ||    68
  Block: Kite shield       |    49 |     7 ||    56
